 Dungeon Crawl Stone Soup version 0.19-a0-2-g57af7d0 (webtiles) character file.

11452 TheGoonsmith the Brawler (level 11, 0/99 HPs)
             Began as a Troll Monk on Apr 27, 2016.
             Was a High Priest of Ru.
             Slain by a skeletal warrior
             ... wielding a +0 broad axe
             ... led by a skeletal warrior
              (14 damage)
             ... on level 11 of the Dungeon.
             The game lasted 00:28:36 (10742 turns).

TheGoonsmith the Brawler (Troll Monk)              Turns: 10742, Time: 00:28:37

Health: 0/99       AC:  9    Str: 28    XL:     11   Next: 49%
Magic:  13/13      EV: 15    Int:  4    God:    Ru [*****.]
Gold:   209        SH:  0    Dex: 17    Spells: 0 memorised, 10 levels left

rFire  . . .     SeeInvis +       - Unarmed
rCold  . . .     Gourm    +     O - +0 robe of the Camelopard {rElec Str+3 SInv}
rNeg   . . .     Faith    .     (no shield)
rPois  +         Spirit   .     (helmet restricted)
rElec  +         Dismiss  .     H - +1 cloak
rCorr  .         Reflect  .     (gloves unavailable)
SustAt .         Harm     .     (boots unavailable)
MR     +....                    D - amulet of rage
Stlth  ..........               s - ring of poison resistance
                                I - ring of protection from magic

@: about to teleport, somewhat resistant to hostile enchantments, extremely
unstealthy
A: unfitting armour, claws 3, horns 1, talons 1, yellow scales 1, agile 1, dopey
1, fast metabolism 3, frail 1, gourmand, regeneration 2, shaggy fur 1, strong 2,
tough skin 2, no stealth, hated by all, inability to train armour, no
conjurations magic, no ice magic, no necromancy magic, inexperienced 1
a: Draw Out Power, Power Leap, Apocalypse, Renounce Religion, Evoke Berserk Rage


You were on level 11 of the Dungeon.
You worshipped Ru.
Ru was extremely pleased with you.
You were very full.

You visited 1 branch of the dungeon, and saw 15 of its levels.
You also visited: Bailey.

You collected 671 gold pieces.
You spent 462 gold pieces at shops.

Inventory:

Missiles
 e - 204 stones
 k - 14 tomahawks
 A - 2 javelins (quivered)
Armour
 a - a +1 robe
 H - a +1 cloak (worn)
 O - the +0 robe of the Camelopard (worn) {rElec Str+3 SInv}
   (You took it off a centaur on level 9 of the Dungeon)

   It affects your strength (+3).
   It insulates you from electricity.
   It lets you see invisible.
Jewellery
 i - an uncursed ring of protection from cold
 o - a cursed -4 ring of intelligence {unknown}
 s - a ring of poison resistance (right claw)
 y - an uncursed ring of magical power
 D - an amulet of rage (around neck)
 F - an uncursed ring of protection from fire
 I - a ring of protection from magic (left claw)
 L - an uncursed ring of wizardry
Wands
 g - a wand of flame (20/48)
 j - a wand of confusion (24/48)
 m - a wand of flame (31/48)
Scrolls
 h - a scroll of remove curse
 r - 2 scrolls of identify
 v - a scroll of teleportation
 w - 3 scrolls of blinking
 B - 2 scrolls of amnesia
 G - 8 scrolls of enchant weapon
 J - 3 scrolls of recharging
 M - a scroll of fog
 Q - 2 scrolls of summoning
 R - 3 scrolls of enchant armour
Potions
 c - 3 potions of brilliance
 f - 4 potions of cancellation
 l - a potion of might
 n - 5 potions of curing
 p - 2 potions of invisibility
 q - 4 potions of flight
 t - 3 potions of resistance
 u - 6 potions of heal wounds
 z - 3 potions of agility
 K - a potion of haste {unknown}
 N - 2 potions of berserk rage {unknown}
 P - a potion of beneficial mutation
Books
 E - a book of Spatial Translocations

   Spells                             Type                      Level
   a - Apportation                    Translocation                1
   b - Blink                          Translocation                2
   c - Shroud of Golubria             Charms/Translocation         2
   d - Portal Projectile              Translocation                3
   e - Teleport Other                 Translocation                3
   f - Passage of Golubria            Translocation                4
Comestibles
 b - 8 bread rations
 d - 7 meat rations
 x - a slice of pizza
 C - 8 beef jerkies


   Skills:
 - Level 8.0 Fighting
 - Level 8.2 Dodging
 - Level 15.1 Unarmed Combat
 + Level 4.4 Evocations


You had 10 spell levels left.
You didn't know any spells.

Dungeon Overview and Level Annotations

Branches:
Dungeon (15/15)            Temple (0/1) D:5            Lair (0/8) D:11
    Orc (0/2) D:10
 Vaults: D:13-14     Depths: D:15

Altars:
Elyvilon
Okawaru
Ru
Xom

Shops:
D:4 *   D:10 }%=

Portals:
Trove: D:10 (give potion of experience)

Annotations:
D:10 exclusion: obsidian statue


Innate Abilities, Weirdness & Mutations

You are too large for most types of armour.
You have claws for hands.
Your metabolism is lightning-fast.
You like to eat raw meat.
You heal very quickly.
You are covered in fur (AC +1).
You have very tough skin (AC +2).
You cannot be stealthy.
You are hated by all.
You cannot train Armour skill.
You cannot study or cast Conjurations magic.
You cannot study or cast Ice magic.
You cannot study or cast Necromancy magic.
You are somewhat inexperienced (-2 XL).
You have a pair of small horns on your head.
You have sharp toenails.
You are partially covered in yellow scales (AC +2).
You are agile. (Dex +2)
You are dopey. (Int -2)
You are frail (-10% HP).
Your muscles are very strong. (Str +4)


Message History

The skeletal warrior hits you with a broad axe.
You see here a trident.
You completely miss the skeletal warrior.
Your kick misses the skeletal warrior. The skeletal warrior misses you.
You closely miss the skeletal warrior.
You claw the skeletal warrior, but do no damage.
You headbutt the skeletal warrior, but do no damage.
You scratch the skeletal warrior but do no damage.
You claw the skeletal warrior, but do no damage.
The skeletal warrior hits you with a broad axe!!
* * * LOW HITPOINT WARNING * * *
You are too injured to fight recklessly!
You see here a long sword.
Read which item? (? for menu, Esc to quit)
Okay, then.
Read which item? (? for menu, Esc to quit)
As you read the scroll of teleportation, it crumbles to dust.
You feel strangely unstable.
The skeletal warrior hits you with a broad axe!
You die...

## #....# #.#.......#
#########.##.##########.#####.#.#
..............(..................
####.#############.#############.
...#.#...........#.#...........#.
##.#.#.####.####.#.#.####.####.#.
...#.#....#.# #.# #)#....#.
####.####.#.#.####.####.#.#.####.
......()..#.#.zz@.......#.#......
###########.#############.#######
.................................
....###########################..
##### ###


You could see 2 skeletal warriors.

Vanquished Creatures
  Erolcha (D:11)
  Erica (D:8)
  Nergalle (D:11)
  2 skeletal warriors (D:11)
  2 unseen horrors
  Pikel (D:7)
  3 hill giants
  2 orc knights (Bailey)
  A deep elf mage (D:15)
  3 ugly things
  A manticore (D:12)
  A centaur zombie (D:12)
  A gargoyle (D:11)
  A troll (D:9)
  2 shadows
  A wyvern (D:10)
  Sigmund (D:6)
  5 yaks (D:9)
  2 basilisks
  2 humans (D:7)
  3 hippogriffs
  4 hungry ghosts
  A soldier ant (D:10)
  A water moccasin (D:9)
  17 orc warriors
  A black bear (D:13)
  2 sky beasts
  An eye of draining (D:12)
  3 phantoms
  4 slaves (D:7)
  6 ice beasts
  3 centaurs
  5 ogres
  A big kobold (D:11)
  8 giant frogs
  A wyvern zombie (D:9)
  2 wyvern skeletons
  6 scorpions
  A water moccasin skeleton (D:12)
  3 wights (D:9)
  15 killer bees
  2 howler monkeys (D:10)
  3 giant frog zombies
  4 crimson imps
  A quasit (D:9)
  9 orc priests
  3 jellies
  A wasp zombie (D:11)
  A giant frog skeleton (D:13)
  6 hounds
  14 orc wizards
  4 iguanas
  Terence (D:3)
  10 worker ants
  A killer bee zombie (D:9)
  A hound zombie (D:5)
  A hound skeleton (D:10)
  2 worker ant zombies
  A howler monkey zombie (D:10)
  8 gnolls
  11 adders
  A river rat (D:11)
  2 shadow imps
  An ooze (D:5)
  2 worms (D:2)
  An adder skeleton (D:4)
  4 dart slugs
  4 giant geckos
  100 orcs
  3 giant cockroaches
  8 goblins
  6 hobgoblins
  5 jackals
  4 quokkas
  A ball python (D:2)
  18 bats
  A giant gecko skeleton (D:4)
  6 giant newts
  13 kobolds
  A quokka skeleton (D:7)
  11 rats
398 creatures vanquished.

Vanquished Creatures (others)
  A manticore (D:12)
  A killer bee (D:10)
  4 fungi (D:11)
  3 plants (D:11)
9 creatures vanquished.

Grand Total: 407 creatures vanquished

Notes
Turn   | Place    | Note
--------------------------------------------------------------
     0 | D:1      | TheGoonsmith the Troll Monk began the quest for the Orb.
     0 | D:1      | Reached XP level 1. HP: 22/22 MP: 0/0
   193 | D:1      | Reached XP level 2. HP: 29/29 MP: 1/1
   742 | D:1      | Reached skill level 5 in Unarmed Combat
   742 | D:1      | Reached XP level 3. HP: 10/36 MP: 2/2
  1432 | D:2      | Found a sacrificial altar of Ru.
  1443 | D:2      | Became a worshipper of Ru the Awakened
  1457 | D:2      | Gained mutation: You are hated by all. [Ru sacrifice]
  1457 | D:2      | Reached * piety under Ru
  1709 | D:3      | Noticed a phantom
  1729 | D:3      | Reached XP level 4. HP: 22/44 MP: 3/3
  1737 | D:3      | Reached skill level 6 in Unarmed Combat
  1821 | D:3      | Killed a phantom
  1821 | D:3      | Reached XP level 5. HP: 42/50 MP: 4/4
  1958 | D:3      | Noticed Terence
  1967 | D:3      | Killed Terence
  1967 | D:3      | Reached skill level 7 in Unarmed Combat
  2002 | D:3      | Found a shimmering altar of Xom.
  2073 | D:3      | Reached XP level 6. HP: 58/59 MP: 5/5
  2606 | D:4      | Reached skill level 8 in Unarmed Combat
  2757 | D:4      | Reached XP level 7. HP: 62/67 MP: 6/6
  2998 | D:4      | Found Isonob's General Store.
  3006 | D:4      | Bought a scroll of teleportation for 42 gold pieces
  3006 | D:4      | Bought 2 potions of heal wounds for 140 gold pieces
  3243 | D:5      | Entered Level 5 of the Dungeon
  3436 | D:5      | Gained mutation: You cannot be stealthy. [Ru sacrifice]
  3436 | D:5      | Reached ** piety under Ru
  3516 | D:5      | Reached skill level 5 in Fighting
  3526 | D:5      | Found a sacrificial altar of Ru.
  3620 | D:5      | Reached XP level 8. HP: 80/80 MP: 7/7
  3638 | D:5      | Found a staircase to the Ecumenical Temple.
  4363 | D:6      | Noticed Sigmund
  4372 | D:6      | Killed Sigmund
  4372 | D:6      | Reached skill level 5 in Dodging
  4586 | D:6      | Reached skill level 1 in Evocations
  4752 | D:7      | Found an iron altar of Okawaru.
  5038 | D:7      | Reached XP level 9. HP: 79/88 MP: 10/10
  5084 | D:7      | Reached skill level 9 in Unarmed Combat
  5508 | D:7      | Noticed Pikel
  5520 | D:7      | Killed Pikel
  5520 | D:7      | Reached skill level 10 in Unarmed Combat
  5743 | D:7      | Reached skill level 11 in Unarmed Combat
  6032 | D:8      | Gained mutation: You cannot study or cast Ice magic. [Ru sacrifice]
  6032 | D:8      | Gained mutation: You cannot study or cast Necromancy magic. [Ru sacrifice]
  6032 | D:8      | Gained mutation: You cannot study or cast Conjurations magic. [Ru sacrifice]
  6073 | D:8      | Noticed Erica
  6081 | D:8      | Killed Erica
  6081 | D:8      | Reached XP level 10. HP: 96/96 MP: 11/11
  6103 | D:8      | Reached skill level 12 in Unarmed Combat
  6232 | D:8      | Gained mutation: Your muscles are strong. (Str +2) [mutagenic meat]
  6233 | D:8      | Gained mutation: You are dopey. (Int -2) [mutagenic meat]
  6234 | D:8      | Gained mutation: You are frail (-10% HP). [mutagenic meat]
  6236 | D:8      | Gained mutation: You are agile. (Dex +2) [mutagenic meat]
  6307 | D:8      | Found a white marble altar of Elyvilon.
  6858 | D:9      | Noticed a hill giant
  6870 | D:9      | Killed a hill giant
  7133 | D:9      | Noticed a green ugly thing
  7142 | D:9      | Killed a green ugly thing
  7368 | D:9      | Got a warped robe
  7446 | D:9      | Identified the +0 robe of the Camelopard {rElec Str+3 SInv} (You took it off a centaur on level 9 of the Dungeon)
  7615 | D:9      | Reached XP level 11. HP: 31/94 MP: 12/12
  7817 | D:10     | Entered Level 10 of the Dungeon
  7879 | D:10     | Gained mutation: You cannot train Armour skill. [Ru sacrifice]
  7879 | D:10     | Reached *** piety under Ru
  7879 | D:10     | Reached **** piety under Ru
  7901 | D:10     | Found Suxaek's Gadget Shop.
  8090 | D:10     | Noticed an unseen horror
  8103 | D:10     | Killed an unseen horror
  8285 | D:10     | Gained mutation: Your muscles are very strong. (Str +4) [potion of mutation]
  8285 | D:10     | Gained mutation: You are partially covered in yellow scales (AC +2). [potion of mutation]
  8285 | D:10     | Gained mutation: You have sharp toenails. [potion of mutation]
  8316 | D:10     | Found a staircase to the Orcish Mines.
  8335 | D:10     | Found Imyaruv's Food Boutique.
  8453 | D:10     | Found a portal to a secret trove of treasure.
  8534 | D:10     | Noticed an obsidian statue
  8640 | D:10     | Found Hitoh's Jewellery Shoppe.
  8644 | D:10     | Bought an uncursed ring of poison resistance for 280 gold pieces
  8982 | D:10     | You fall through a shaft for 3 floors!
  9022 | D:13     | You fall through a shaft for 2 floors!
  9022 | D:15     | Entered Level 15 of the Dungeon
  9022 | D:15     | Noticed a skeletal warrior
  9022 | D:15     | Noticed a skeletal warrior
  9022 | D:15     | Noticed a skeletal warrior
  9022 | D:15     | Noticed a skeletal warrior
  9022 | D:15     | Noticed a skeletal warrior
  9035 | D:15     | Noticed a deep elf mage
  9061 | D:15     | Killed a deep elf mage
  9132 | D:15     | Noticed an ogre mage
  9260 | D:14     | Noticed a hill giant
  9269 | D:14     | Killed a hill giant
  9361 | D:14     | Noticed a skeletal warrior
  9361 | D:14     | Noticed a skeletal warrior
  9463 | D:12     | Gained mutation: You are somewhat inexperienced (-2 XL). [Ru sacrifice]
  9463 | D:12     | Reached XP level 10. HP: 93/93 MP: 11/11
  9463 | D:12     | Reached XP level 9. HP: 86/86 MP: 10/10
  9463 | D:12     | Reached ***** piety under Ru
  9493 | D:12     | Noticed a manticore
  9494 | D:12     | Killed a manticore
  9494 | D:12     | Reached skill level 13 in Unarmed Combat
  9501 | D:12     | Noticed a manticore
  9503 | D:12     | Reached XP level 10. HP: 93/93 MP: 3/11
  9515 | D:12     | Killed a manticore
  9595 | D:11     | Noticed a green ugly thing
  9616 | D:11     | Killed a green ugly thing
  9821 | D:11     | Noticed Nergalle
  9827 | D:11     | Noticed an unseen horror
  9828 | D:11     | Killed Nergalle
  9842 | D:11     | Killed an unseen horror
  9842 | D:11     | Reached skill level 14 in Unarmed Combat
  9855 | D:11     | Found a staircase to the Lair.
  9979 | D:11     | Noticed a green ugly thing
  9985 | D:11     | Killed a green ugly thing
  9987 | D:11     | Noticed a hill giant
  9992 | D:11     | Killed a hill giant
 10067 | D:11     | Found a flagged portal.
 10073 | Bailey   | Entered a bailey
 10076 | Bailey   | Gained mutation: You have a pair of small horns on your head. [potion of beneficial mutation]
 10168 | Bailey   | Reached XP level 11. HP: 71/99 MP: 6/12
 10278 | Bailey   | Noticed an orc knight
 10286 | Bailey   | Noticed an orc knight
 10289 | Bailey   | Killed an orc knight
 10300 | Bailey   | Killed an orc knight
 10587 | D:11     | Noticed Erolcha
 10592 | D:11     | Killed Erolcha
 10592 | D:11     | Reached skill level 15 in Unarmed Combat
 10724 | D:11     | Noticed a skeletal warrior
 10724 | D:11     | Noticed a skeletal warrior
 10724 | D:11     | Noticed a skeletal warrior
 10730 | D:11     | Noticed a skeletal warrior
 10733 | D:11     | Killed a skeletal warrior
 10736 | D:11     | Killed a skeletal warrior
 10742 | D:11     | Slain by a skeletal warrior

Vault maps used:
D:1:      ncdulo_watergridlock
D:2:      nicolae_ru_sacrificial_ziggurat
D:3:      serial_curves, eino_curves_04, eino_curves_01, eino_curves_03,
          eino_curves_03, tgw_xom, uniq_terence
D:4:      serial_shops, shop
D:5:      temple_statues, first_bread, basic_altar
D:6:      uniq_sigmund
D:7:      okawaru_humans, grunt_ogre_cave, uniq_pikel
D:8:      kennysheep_mini_moat, kennysheep_generic_room_9, uniq_erica
D:10:     hiddenorc2_lemuel, serial_shops, shop, shop, shop, enter_trove_0,
          special_room, minmay_protected_statue
D:11:     grunt_lair_entry_orc_guard_hut, enter_bailey_3, roderic_lattice_a,
          uniq_nergalle, uniq_erolcha
D:12:     hangedman_abyss_or_decor_stagger, nicolae_for_you_no_charge,
          uniq_harold
D:13:     david_vaults_4, uniq_sonja
D:14:     ashenzari_altar_1
D:15:     gammafunk_enter_depths_forms, lemuel_statue_altar,
          nicolae_two_hexagons
Bailey:   bailey_polearm_5, bailey

Skill      XL: |  1  2  3  4  5  6  7  8  9 10 11 |
---------------+----------------------------------+-----
Unarmed Combat | 5 6 7 8 13 14 15 | 15.1
Fighting       | 3 5 8 |  8.0
Stealth        | 0 |  0.0
Dodging        | 3 5 8 |  8.2
Evocations     | 3 4 |  4.4

Action                   |  1- 3 |  4- 6 |  7- 9 | 10-12 || total
-------------------------+-------+-------+-------+-------++-------
Melee: Unarmed           |    75 |   105 |   307 |   573 ||  1060
       Punch             |     2 |     5 |    12 |    45 ||    64
       Kick              |       |       |     2 |   112 ||   114
       Headbutt          |       |       |       |    15 ||    15
Throw: Stone             |     3 |       |       |       ||     3
       Javelin           |       |       |       |     8 ||     8
Invok: Sacrifice Love    |     1 |       |       |       ||     1
       Sacrifice Stealth |       |       |     1 |       ||     1
       Apocalypse        |       |       |     1 |       ||     1
       Sacrifice Arcana  |       |       |     1 |       ||     1
       Sacrifice Experie |       |       |     1 |       ||     1
       Power Leap        |       |       |       |     3 ||     3
       Sacrifice Durabil |       |       |       |     1 ||     1
       Reject Sacrifices |       |       |       |     1 ||     1
 Abil: Evoke Berserk Rag |       |       |       |     2 ||     2
  Use: Scroll            |       |     7 |    10 |    17 ||    34
       Potion            |       |       |     1 |     6 ||     7
 Stab: Sleeping          |     4 |     3 |     3 |       ||    10
       Paralysed         |       |       |     2 |     3 ||     5
       Invisible         |       |       |     1 |    15 ||    16
       Distracted        |       |       |       |     2 ||     2
  Eat: Chunk             |    15 |    10 |    32 |    55 ||   112
       Royal jelly       |       |       |     1 |       ||     1
Armor: Robe              |    13 |    21 |    81 |   127 ||   242
Dodge: Dodged            |    34 |    38 |   155 |   405 ||   632
